 Dungeon Crawl Stone Soup version 0.27-a0-797-g27d10ad80f (webtiles) character file.

Game seed: 15569067000057923764

7 spiderkeys the Grave Robber (level 1, 0/9 HPs)
             Began as a Vampire Necromancer on Mar 28, 2021.
             Slain by a quokka (1 damage)
             ... on level 1 of the Dungeon.
             The game lasted 00:01:24 (759 turns).

spiderkeys the Grave Robber (Vampire Necromancer)    Turns: 759, Time: 00:01:24

Health: 0/9        AC:  2    Str:  7    XL:     1   Next: 91%
Magic:  1/3        EV: 12    Int: 17    God:
Gold:   0          SH:  0    Dex: 14    Spells: 3/4 levels left

rFire    . . .     SeeInvis +   (no weapon)
rCold    + + .     Faith    .   (no shield)
rNeg     + + +     Spirit   .   a - +0 robe
rPois    ∞         Reflect  .   (no helmet)
rElec    .         Harm     .   (no cloak)
rCorr    .         Rampage  .   (no gloves)
Will     +....                  (no boots)
Stlth    ++++......             (no amulet)
HPRegen  0.00/turn              c - ring of willpower
MPRegen  0.08/turn              (no ring)

@: bloodless
A: bloodless, fangs 3, see invisible, unbreathing 1, vampiric 1, [frail 1]
a: Revivify


You were on level 1 of the Dungeon.
You visited 1 branch of the dungeon, and saw 1 of its levels.

Inventory:

Armour
 a - a +0 robe (worn)
Jewellery
 c - a ring of willpower (left hand)
Scrolls
 d - a scroll of magic mapping {unknown}
 e - a scroll of vulnerability {unknown}
Potions
 b - a potion of curing {unknown}


   Skills:
 + Level 2.3 Dodging
 + Level 3.2 Stealth
 + Level 2.1 Spellcasting
 * Level 4.5 Necromancy


You had 3 spell levels left.
You knew the following spells:

 Your Spells              Type           Power      Damage    Failure   Level
a - Pain                  Necr           68%        1d7       3%          1

Your spell library contained the following spells:

 Spells                   Type           Power      Damage    Failure   Level
 Animate Skeleton         Necr           34%        N/A       3%          1
 Vampiric Draining        Necr           8%         2d7       9%          3
 Animate Dead             Necr           8%         N/A       28%         4
 Agony                    Necr           17%        N/A       63%         5


Dungeon Overview and Level Annotations

Branches:
Dungeon (1/15)

Altars:


Innate Abilities, Weirdness & Mutations

You do not regenerate when monsters are visible.
You are frail without blood (-20% HP).
You can heal yourself when you bite living creatures.
You are immune to poison.
You have razor-sharp teeth.
You have supernaturally acute eyesight. (SInv)
You can survive without breathing.
You are afflicted with vampirism.
[You are frail. (-10% HP)]


Message History

c - a ring of willpower
Found a stone staircase leading down.
c - a ring of willpower (left hand)
There is a stone staircase leading down here.
d - a scroll labelled KOSUUWKIAP
e - a scroll labelled KISEYGU FELY An endoplasm comes into view.
An endoplasm comes into view.
The endoplasm quivers.
The endoplasm writhes in agony!
You kill the endoplasm!
You can't see any susceptible monsters within range! (Use Z to cast anyway.)
An endoplasm is nearby!
A quokka comes into view.
The endoplasm writhes in agony.
The endoplasm writhes in agony.
You are too depleted to draw on your mana recklessly!
The endoplasm barely misses you.
You hit the endoplasm.
You kill the endoplasm!
You closely miss the quokka. The quokka bites you.
You hit the quokka.
The quokka is lightly wounded.
The quokka bites you.
You are too injured to fight recklessly!
You are too injured to fight recklessly!
You are too injured to fight recklessly!
The quokka closely misses you. The quokka barely misses you.
The quokka twitches its whiskers.
The quokka twitches its whiskers.
The quokka bites you.
* * * LOW HITPOINT WARNING * * *
You are too injured to fight recklessly!
Casting: Pain (safe; 3% risk of failure)
Confirm with . or Enter, or press ? or * to list all spells.
Aiming: Pain (safe; 3% risk of failure)
Press: ? - help, Shift-Dir - straight line, f - quokka
Aim: a quokka (lightly wounded, chance to affect: 87%)
The quokka writhes in agony.
The quokka bites you.
You die...

#...............
#........# #.#
.........# #.#
.........###.#
.............######
...#######........#
...#.....#........#
...#.....#.......##
.###.....#.....r@#
.###.....#.......≈≈≈#
...#..............≈##
...#.....#........≈#
...#.......#.###..##
...#######......###
................#
................#
†...............#


You could see a quokka.

Vanquished Creatures
  3 endoplasms (D:1)
  A quokka (D:1)
  2 bats (D:1)
  A frilled lizard (D:1)
7 creatures vanquished.

Notes
Turn   | Place    | Note
-------+----------+-------------------------------------------
     0 | D:1      | spiderkeys the Vampire Necromancer began the quest for the
                  | Orb.
     0 | D:1      | Reached XP level 1. HP: 13/13 MP: 3/3
   759 | D:1      | Slain by a quokka

Illustrated notes

Levels and vault maps discovered:
D:1:      dpeg_arrival_snail, layout_basic, serial_shops, shop,
          minmay_stone_trees_small, st_stairs_11, minmay_misc_feat_roman,
          grunt_decor_resistance, chequers_serial_rivers_large_b,
          minmay_crystal_room

Action                   || total
-------------------------++-------
Melee: Unarmed           ||    12
 Cast: Pain              ||    13
 Abil: Exsanguinate      ||     2
       Revivify          ||     1
Armor: Robe              ||     1
Dodge: Dodged            ||    16

Table legend: (Time is in decaauts)
 A = Elapsed time spent in this place.
 B = Non-inter-level travel time spent in this place.
 C = Inter-level travel time spent in this place.
 D = Time resting spent in this place.
 E = Time spent auto-exploring this place.
 F = Levels seen in this place.
 G = Mean time per level.
                   A        B        C        D        E       F      G
               +--------+--------+--------+--------+--------+-----+--------+
         Total |    758 |    758 |      0 |    303 |    349 |   1 |  758.0 |
       Dungeon |    758 |    758 |      0 |    303 |    349 |   1 |  758.0 |
               +--------+--------+--------+--------+--------+-----+--------+

Top non-repeatable levels by time:
     D:1: 758 daAuts
